NYP
VANCOUVER CANADIANS @ CONNECTICUT TIGERS
05/15/2047
 
TOP OF THE 1ST
Vancouver Canadians batting - Pitching for Connecticut Tigers : LHP Pete Zamarron
Pitching: LHP Pete Zamarron
Batting: RHB Justin Geiger 0-0: Ball
1-0: SINGLE (Line Drive, 8RS, EV 111.9 MPH)
Batting: RHB Nikita Schram 0-0: Called Strike
0-1: Called Strike
Justin Geiger steals 2nd base (no throw)
0-2: Foul Ball, location: 2F
0-2: Ball
1-2: Ball
2-2: Foul Ball, location: 2F
2-2: DOUBLE (Line Drive, 89D, EV 106.9 MPH)
Justin Geiger scores
Batting: RHB Luis Gomez 0-0: Ball
Nikita Schram steals 3rd base
1-0: Ball
2-0: Called Strike
2-1: Fly out, F7 (Flyball, 7, EV 90.6 MPH)
Runner from 3rd tags up, SCORES, throw by LF
Batting: RHB John Hering 0-0: Foul Ball, location: 2F
0-1: Ball
1-1: Swinging Strike
1-2: Ball
2-2: Fly out, F8 (Flyball, 8LXD, EV 88.8 MPH)
Batting: RHB Kennet Strijbis 0-0: Ball
1-0: SINGLE (Groundball, 34D, EV 110.0 MPH)
Batting: RHB Brian Manson 0-0: Called Strike
0-1: Called Strike
0-2: Strikes out swinging
Top of the 1st over - 2 runs, 3 hits, 0 errors, 1 left on base; Vancouver 2 - Connecticut 0
BOTTOM OF THE 1ST
Connecticut Tigers batting - Pitching for Vancouver Canadians : RHP Danny Cervantes
Pitching: RHP Danny Cervantes
Batting: RHB Jaden Warrior 0-0: Ball
1-0: Ball
2-0: Ball
3-0: Base on Balls
Batting: SHB Ian Arlotta 0-0: Ball
1-0: Foul Ball, location: 2F
1-1: Foul Ball, location: 2F
1-2: Foul Ball, location: 2F
1-2: Ball
2-2: SINGLE (Groundball, 56S, EV 68.1 MPH) (infield hit)
Jaden Warrior to second
Batting: LHB Antonio Luis 0-0: Called Strike
0-1: Ball
1-1: Foul Ball, location: 2F
1-2: Foul Ball, location: 2F
1-2: Strikes out swinging
Batting: RHB Tony Nunez 0-0: Ball
1-0: Ball
Balk!
Jaden Warrior to third
Ian Arlotta to second
2-0: Swinging Strike
2-1: SINGLE (Flyball, 8LS, EV 83.8 MPH)
Jaden Warrior scores
Ian Arlotta to third
Runner from 3rd tries for Home, SAFE, throw by CF to home
Batting: RHB Jeremiah Washington 0-0: Ball
Balk!
Tony Nunez to second
1-0: Swinging Strike
1-1: Ball
2-1: Foul Ball, location: 2F
2-2: Ball
3-2: Foul Ball, location: 2F
3-2: Foul Ball, location: 2F
3-2: Ground out 4-3 (Groundball, 4, EV 80.0 MPH)
Tony Nunez to third
Batting: RHB Khalil Coleman 0-0: Foul Ball, location: 2F
0-1: Foul Ball, location: 2F
0-2: SINGLE (Flyball, 7LS, EV 93.1 MPH)
Tony Nunez scores
Batting: RHB Kaleb Yerger 0-0: SINGLE (Groundball, 56D, EV 105.0 MPH)
Khalil Coleman to second
Batting: SHB Eisse Wijnja 0-0: Ball
1-0: Foul Ball, location: 2F
1-1: Ball
2-1: Swinging Strike
2-2: Foul Ball, location: 2F
2-2: Ball
3-2: Foul Ball, location: 2F
3-2: Strikes out swinging
Bottom of the 1st over - 3 runs, 4 hits, 0 errors, 2 left on base; Vancouver 2 - Connecticut 3
TOP OF THE 2ND
Vancouver Canadians batting - Pitching for Connecticut Tigers : LHP Pete Zamarron
Batting: RHB Josh Swartzentruber 0-0: Called Strike
0-1: Ball
1-1: Swinging Strike
1-2: Foul Ball, location: 2F
1-2: Ball
2-2: Ground out 6-3 (Groundball, 6, EV 83.8 MPH)
Batting: RHB Shunsuke Shiba Inu 0-0: Ground out 1-3 (Groundball, 15S, EV 70.6 MPH)
Batting: RHB Mike Johnson 0-0: Foul Ball, location: 2F
0-1: Swinging Strike
0-2: Strikes out swinging
Top of the 2nd over - 0 runs, 0 hits, 0 errors, 0 left on base; Vancouver 2 - Connecticut 3
BOTTOM OF THE 2ND
Connecticut Tigers batting - Pitching for Vancouver Canadians : RHP Danny Cervantes
Batting: RHB Jordan Hall 0-0: Ball
1-0: Called Strike
1-1: Swinging Strike
1-2: Foul Ball, location: 2F
1-2: Foul Ball, location: 2F
1-2: Strikes out swinging
Batting: RHB Jaden Warrior 0-0: SINGLE (Groundball, 34D, EV 97.5 MPH)
Batting: SHB Ian Arlotta 0-0: Ball
1-0: Ball
2-0: Foul Ball, location: 2F
2-1: Foul Ball, location: 2F
2-2: Ball
3-2: Base on Balls
Jaden Warrior to second
Batting: LHB Antonio Luis 0-0: Called Strike
0-1: Ball
1-1: SINGLE (Groundball, 34D, EV 95.0 MPH)
Jaden Warrior to third
Ian Arlotta to second
Runner from 3rd tries for Home, SAFE, throw by RF to home
Batting: RHB Tony Nunez 0-0: Ball
1-0: Ball
2-0: Swinging Strike
2-1: Called Strike
2-2: Grounds into double play, 6-4-3 (Groundball, 6S, EV 86.2 MPH)
Bottom of the 2nd over - 1 run, 2 hits, 0 errors, 1 left on base; Vancouver 2 - Connecticut 4
TOP OF THE 3RD
Vancouver Canadians batting - Pitching for Connecticut Tigers : LHP Pete Zamarron
Batting: RHB Justin Geiger 0-0: Fly out, F6 (Popup, 56D, EV 66.2 MPH)
Batting: RHB Nikita Schram 0-0: Ball
1-0: Swinging Strike
1-1: Ball
2-1: SINGLE (Groundball, 25, EV 67.5 MPH) (infield hit)
Batting: RHB Luis Gomez 0-0: Ball
1-0: Called Strike
1-1: Called Strike
1-2: SINGLE (Line Drive, 4MD, EV 96.2 MPH)
Nikita Schram to second
Batting: RHB John Hering 0-0: Ball
1-0: Ball
2-0: Ball
3-0: Called Strike
3-1: Fielders Choice at 2nd, 4-6 (Groundball, 4, EV 81.9 MPH)
Nikita Schram to third
Batting: RHB Kennet Strijbis 0-0: Called Strike
John Hering steals 2nd base
0-1: Foul Ball, location: 2F
0-2: Ball
1-2: Ball
2-2: Ball
3-2: Base on Balls
Batting: RHB Brian Manson 0-0: Foul Ball, location: 2F
0-1: SINGLE (Flyball, 4MD, EV 91.9 MPH)
Nikita Schram scores
John Hering to third
Kennet Strijbis to second
Runner from 3rd tries for Home, throw by CF and OUT! 8-2
Top of the 3rd over - 1 run, 3 hits, 0 errors, 2 left on base; Vancouver 3 - Connecticut 4
BOTTOM OF THE 3RD
Connecticut Tigers batting - Pitching for Vancouver Canadians : RHP Danny Cervantes
Batting: RHB Jeremiah Washington 0-0: Called Strike
0-1: Ball
1-1: Ball
2-1: Ball
3-1: Foul Ball, location: 2F
3-2: Strikes out swinging
Batting: RHB Khalil Coleman 0-0: Fly out, F7 (Flyball, 7, EV 88.1 MPH)
Batting: RHB Kaleb Yerger 0-0: Called Strike
0-1: Called Strike
0-2: Ground out U3 (Groundball, 34S, EV 83.1 MPH)
Bottom of the 3rd over - 0 runs, 0 hits, 0 errors, 0 left on base; Vancouver 3 - Connecticut 4
TOP OF THE 4TH
Vancouver Canadians batting - Pitching for Connecticut Tigers : LHP Pete Zamarron
Batting: RHB Josh Swartzentruber 0-0: Foul Ball, location: 2F
0-1: Foul Ball, location: 2F
0-2: Ball
1-2: Foul Ball, location: 2F
1-2: Ball
2-2: Fly out, F3 (Popup, 23F, EV 84.4 MPH)
Batting: RHB Shunsuke Shiba Inu 0-0: Swinging Strike
0-1: Foul Ball, location: 2F
0-2: Ball
1-2: Ball
2-2: Strikes out swinging
Batting: RHB Mike Johnson 0-0: Ball
1-0: Foul Ball, location: 2F
1-1: Foul Ball, location: 2F
1-2: Foul Ball, location: 2F
1-2: Strikes out swinging
Top of the 4th over - 0 runs, 0 hits, 0 errors, 0 left on base; Vancouver 3 - Connecticut 4
BOTTOM OF THE 4TH
Connecticut Tigers batting - Pitching for Vancouver Canadians : RHP Danny Cervantes
Batting: SHB Eisse Wijnja 0-0: Called Strike
0-1: Foul Ball, location: 2F
0-2: Strikes out swinging
Batting: RHB Jordan Hall 0-0: Ground out 6-3 (Groundball, 6, EV 110.0 MPH)
Batting: RHB Jaden Warrior 0-0: Ball
1-0: Swinging Strike
1-1: Ball
2-1: Foul Ball, location: 2F
2-2: Strikes out looking
Bottom of the 4th over - 0 runs, 0 hits, 0 errors, 0 left on base; Vancouver 3 - Connecticut 4
TOP OF THE 5TH
Vancouver Canadians batting - Pitching for Connecticut Tigers : LHP Pete Zamarron
Batting: RHB Justin Geiger 0-0: Fly out, F9 (Flyball, 9D, EV 82.5 MPH)
Batting: RHB Nikita Schram 0-0: Ball
1-0: Called Strike
1-1: Ball
2-1: SINGLE (Line Drive, 34, EV 98.1 MPH)
Batting: RHB Luis Gomez 0-0: Foul Ball, location: 2F
0-1: Ball
Nikita Schram is caught stealing 2nd base 2-4
1-1: Ball
2-1: Foul Ball, location: 2F
2-2: SINGLE (Flyball, 8RS, EV 92.5 MPH)
Pitching: RHP Matt Sturge
Batting: RHB John Hering 0-0: Ball
Luis Gomez steals 2nd, throwing error, E2
Luis Gomez to third
1-0: DOUBLE (Groundball, 3L, EV 106.9 MPH)
Luis Gomez scores
Pinch Hitting: LHB Ray Whitehead 0-0: Ball
1-0: Ball
2-0: Foul Ball, location: 2F
2-1: Foul Ball, location: 2F
2-2: Strikes out swinging
Top of the 5th over - 1 run, 3 hits, 1 error, 1 left on base; Vancouver 4 - Connecticut 4
BOTTOM OF THE 5TH
Connecticut Tigers batting - Pitching for Vancouver Canadians : RHP Danny Cervantes
Now at 2B: Shunsuke Shiba Inu
Now at SS: Jamie Ogilvie
Batting: SHB Ian Arlotta 0-0: Called Strike
0-1: Foul Ball, location: 2F
0-2: SINGLE (Groundball, 4MD, EV 105.6 MPH)
Batting: LHB Antonio Luis 0-0: Called Strike
0-1: Ball
1-1: Ball
2-1: Fly out, F8 (Flyball, 8LM, EV 87.5 MPH)
Batting: RHB Tony Nunez 0-0: Grounds into double play, 4-6-3 (Groundball, 4, EV 88.8 MPH)
Bottom of the 5th over - 0 runs, 1 hit, 0 errors, 0 left on base; Vancouver 4 - Connecticut 4
TOP OF THE 6TH
Vancouver Canadians batting - Pitching for Connecticut Tigers : RHP Matt Sturge
Pinch Hitting: LHB Sonny Flood 0-0: Ball
1-0: Ball
2-0: Ball
3-0: Base on Balls
Pinch Hitting: LHB Devin Huber 0-0: Swinging Strike
0-1: Called Strike
Sonny Flood is caught stealing 2nd base 2-6
0-2: Ball
1-2: Strikes out swinging
Pinch Hitting: LHB Tso-lin Fen 0-0: Ball
1-0: Ball
2-0: Foul Ball, location: 2F
2-1: Foul Ball, location: 2F
2-2: Ball
3-2: Foul Ball, location: 2F
3-2: Strikes out swinging
Top of the 6th over - 0 runs, 0 hits, 0 errors, 0 left on base; Vancouver 4 - Connecticut 4
BOTTOM OF THE 6TH
Connecticut Tigers batting - Pitching for Vancouver Canadians : RHP Danny Cervantes
Now at 2B: Porter Welsh
Now at 3B: Mike Johnson
Now in LF: Tso-lin Fen
Now in CF: Sonny Flood
Batting: RHB Jeremiah Washington 0-0: DOUBLE (Flyball, 89XD, EV 115.0 MPH)
Batting: RHB Khalil Coleman 0-0: Ball
1-0: Foul Ball, location: 2F
1-1: Foul Ball, location: 2F
1-2: Ball
2-2: Ball
3-2: Fly out, F8 (Flyball, 8LD, EV 104.4 MPH)
Batting: RHB Kaleb Yerger 0-0: Called Strike
0-1: Ground out 6-3 (Groundball, 6, EV 85.0 MPH)
Batting: SHB Eisse Wijnja 0-0: Ball
1-0: Foul Ball, location: 2F
1-1: Ball
2-1: Called Strike
2-2: Hit by Pitch
Batting: RHB Jordan Hall 0-0: Ball
1-0: Ball
2-0: TRIPLE (Flyball, 89XD, EV 102.5 MPH)
Jeremiah Washington scores
Eisse Wijnja scores
Pitching: RHP Dave August
Batting: RHB Jaden Warrior 0-0: SINGLE (Groundball, 6D, EV 98.1 MPH)
Jordan Hall scores
Batting: SHB Ian Arlotta 0-0: Ground out 4-3 (Groundball, 4, EV 86.9 MPH)
Bottom of the 6th over - 3 runs, 3 hits, 0 errors, 1 left on base; Vancouver 4 - Connecticut 7
TOP OF THE 7TH
Vancouver Canadians batting - Pitching for Connecticut Tigers : RHP Matt Sturge
Now at 3B: Zach Rose
Batting: RHB Mike Johnson 0-0: Ball
1-0: Ball
2-0: DOUBLE (Line Drive, 89D, EV 114.4 MPH)
Batting: RHB Justin Geiger 0-0: Ball
Mike Johnson steals 3rd base
1-0: Swinging Strike
1-1: Ball
2-1: Ball
3-1: Fly out, F7 (Flyball, 7D, EV 99.4 MPH)
Runner from 3rd tags up, SCORES, no throw by LF
Batting: RHB Nikita Schram 0-0: Called Strike
0-1: Fly out, F8 (Flyball, 89D, EV 98.8 MPH)
Batting: RHB Luis Gomez 0-0: Ball
1-0: Swinging Strike
1-1: Swinging Strike
1-2: Strikes out swinging
Top of the 7th over - 1 run, 1 hit, 0 errors, 0 left on base; Vancouver 5 - Connecticut 7
BOTTOM OF THE 7TH
Connecticut Tigers batting - Pitching for Vancouver Canadians : RHP Dave August
Batting: LHB Antonio Luis 0-0: SINGLE (Groundball, 34D, EV 101.2 MPH)
Batting: RHB Tony Nunez 0-0: Called Strike
0-1: Called Strike
0-2: Hit by Pitch
Antonio Luis to second
Batting: RHB Jeremiah Washington 0-0: Ball
1-0: SINGLE (Groundball, 4MD, EV 100.0 MPH)
Antonio Luis to third
Tony Nunez to second
Batting: RHB Khalil Coleman 0-0: Called Strike
0-1: Ball
1-1: Foul Ball, location: 2F
1-2: Grounds into fielders choice 4-2 (Groundball, 34, EV 83.8 MPH)
Tony Nunez to third
Jeremiah Washington to second
Batting: RHB Kaleb Yerger 0-0: Called Strike
0-1: Ball
1-1: Ball
2-1: Foul Ball, location: 2F
2-2: Fly out, F8 (Line Drive, 89D, EV 94.4 MPH)
Runner from 3rd tags up, SCORES, no throw by CF
Batting: SHB Eisse Wijnja 0-0: Called Strike
0-1: Ground out 3-1 (Groundball, 34S, EV 87.5 MPH)
Bottom of the 7th over - 1 run, 2 hits, 0 errors, 2 left on base; Vancouver 5 - Connecticut 8
TOP OF THE 8TH
Vancouver Canadians batting - Pitching for Connecticut Tigers : RHP Matt Sturge
Pitching: LHP Victor Villarreal
Batting: RHB John Hering 0-0: Ball
1-0: Foul Ball, location: 2F
1-1: Ball
2-1: Fly out, F8 (Flyball, 8RD, EV 93.1 MPH)
Batting: RHB Jamie Ogilvie 0-0: Ball
1-0: Ball
2-0: Ball
3-0: Base on Balls
Pinch Hitting: RHB Cesar Chavez 0-0: Foul Ball, location: 2F
0-1: Swinging Strike
0-2: Foul Ball, location: 2F
0-2: DOUBLE (Groundball, 5L, EV 102.5 MPH)
Jamie Ogilvie to third
Batting: RHB Porter Welsh 0-0: Foul Ball, location: 2F
0-1: Called Strike
0-2: Ball
1-2: Ball
2-2: Fly out, F8 (Flyball, 8LM, EV 85.0 MPH)
Runner from 3rd tags up, SCORES, throw by CF
Pinch Hitting: RHB Norm Mercer 0-0: Ball
1-0: Called Strike
1-1: Ball
2-1: Foul Ball, location: 2F
2-2: Foul Ball, location: 2F
2-2: Ground out 4-3 (Groundball, 4, EV 86.2 MPH)
Top of the 8th over - 1 run, 1 hit, 0 errors, 1 left on base; Vancouver 6 - Connecticut 8
BOTTOM OF THE 8TH
Connecticut Tigers batting - Pitching for Vancouver Canadians : RHP Dave August
Now in LF: Jose Ontiveros
Now in CF: Kurt Estep
Batting: LHB Zach Rose 0-0: Ball
1-0: Foul Ball, location: 2F
1-1: DOUBLE (Line Drive, 7LD, EV 107.5 MPH)
Batting: RHB Jaden Warrior 0-0: Called Strike
0-1: Ball
1-1: Called Strike
1-2: Foul Ball, location: 2F
1-2: Foul Ball, location: 2F
1-2: Foul Ball, location: 2F
1-2: Ball
2-2: Foul Ball, location: 2F
2-2: Ground out 6-3 (Groundball, 6M, EV 103.1 MPH)
Zach Rose to third
Batting: SHB Ian Arlotta 0-0: Ball
1-0: Swinging Strike
1-1: Ball
2-1: Swinging Strike
2-2: Ball
3-2: Foul Ball, location: 2F
3-2: Foul Ball, location: 2F
3-2: Base on Balls
Batting: LHB Antonio Luis 0-0: Ball
1-0: Called Strike
1-1: Foul Ball, location: 2F
1-2: Ball
2-2: Fielders Choice at 2nd, 4-6 (Groundball, 4, EV 90.0 MPH)
Zach Rose scores
Batting: RHB Tony Nunez 0-0: Ball
Passed Ball!
Antonio Luis to second
1-0: Hit by Pitch
Batting: RHB Jeremiah Washington 0-0: Foul Ball, location: 2F
0-1: Ground out 4-3 (Groundball, 4, EV 80.6 MPH)
Bottom of the 8th over - 1 run, 1 hit, 0 errors, 2 left on base; Vancouver 6 - Connecticut 9
TOP OF THE 9TH
Vancouver Canadians batting - Pitching for Connecticut Tigers : LHP Victor Villarreal
Pitching: RHP Juan Murillo
Pinch Hitting: LHB Ben Radach 0-0: Called Strike
0-1: Fly out, F8 (Line Drive, 78M, EV 94.4 MPH)
Batting: RHB Justin Geiger 0-0: Ball
1-0: Ground out 2-3 (Groundball, 2L, EV 69.4 MPH)
Batting: RHB Nikita Schram 0-0: Foul Ball, location: 2F
0-1: Ball
1-1: Swinging Strike
1-2: Ball
2-2: Foul Ball, location: 2F
2-2: Ball
3-2: Strikes out swinging
Top of the 9th over - 0 runs, 0 hits, 0 errors, 0 left on base; Vancouver 6 - Connecticut 9
Thursday, December 15th , 2022 - OOTP Baseball 23.9 Build 102